AoeStats
← Frank

Fortress

509194074Analyzed
3v3 RM · 8d ago on Sep 25, 2026· 39m 46s· 6 players
Game mode
Random Map
Map size
Large (8 player)
Population
200
Speed
Normal
Resources
Standard
Victory
Conquest
Starting age
Dark Age
Ending age
Imperial Age
RankedLock teamsTeams togetherTeam positionsShared explorationLock speedFull tech treeHidden civsTurbo modeCheats
Victory
Defeat
🇮🇪 Khmer · Ireland
1078
+12
🇮🇪 Persians · Ireland
1069
+12
🇮🇪 Britons · Ireland
873
+20
🇬🇧 Spanish · United Kingdom
986
-15
🇬🇧 Franks · United Kingdom
983
-15
🇧🇴 Huns · Bolivia
952
-41
Fontleroy
8:53 Feudal Age
12:47 Castle Age
11:18 Horse Collar
11:33 Double-Bit Axe
17:50 Wheelbarrow
17:00 Loom
18:57 Gold Mining
19:20 Bow Saw
19:16 Heavy Plow
23:06 Hand Cart
22:37 Town Watch
25:31 Padded Archer Armor
28:19 Scale Barding Armor
28:24 Forging
29:25 Town Patrol
29:31 Town Patrol
32:03 Imperial Age
30:00 Leather Archer Armor
30:09 Chain Barding Armor
30:25 Iron Casting
31:59 Stone Mining
34:52 Husbandry
38:27 Conscription
38:30 Supremacy
Frank
9:10 Feudal Age
14:06 Castle Age
12:43 Wheelbarrow
14:10 Pikeman
22:13 Gold Mining
27:20 Imperial Age
28:52 Gold Shaft Mining
28:07 Stone Mining
29:00 Cavalier
29:40 Husbandry
30:53 Chemistry
29:59 Siege Engineers
30:19 Loom
30:58 Conscription
33:54 Scale Barding Armor
34:00 Forging
Marisol
0:29 Loom
7:11 Feudal Age
8:46 Wheelbarrow
7:59 Double-Bit Axe
8:30 Horse Collar
10:10 Gold Mining
16:24 Castle Age
14:40 Town Watch
16:45 Scale Barding Armor
17:23 Bow Saw
17:15 Heavy Plow
17:32 Hand Cart
18:08 Town Patrol
19:47 Stone Mining
23:48 Gold Shaft Mining
28:30 Chain Barding Armor
29:54 Husbandry
30:05 Bloodlines
33:30 Imperial Age
31:50 Scale Mail Armor
32:00 Forging
34:55 Plate Barding Armor
34:36 Chain Mail Armor
34:56 Iron Casting
33:46 Cavalier
33:47 Light Cavalry
35:37 Paladin
37:31 Conscription
36:42 Sappers
36:51 Pikeman
37:31 Squires
37:38 Halberdier
dlally
2:21 Loom
7:40 Feudal Age
13:51 Castle Age
13:03 Double-Bit Axe
13:37 Horse Collar
15:55 Heavy Plow
16:08 Bow Saw
16:38 Padded Archer Armor
18:10 Pikeman
19:42 Gold Mining
22:42 Forging
22:53 Fletching
24:38 Wheelbarrow
24:25 Fortified Wall
25:57 Ballistics
26:37 Hand Cart
31:22 Imperial Age
31:03 Yeomen
31:43 Sanctity
31:39 Fervor
32:47 Gold Shaft Mining
32:22 Elite Longbowman
33:26 Conscription
34:20 Two-Man Saw
34:02 Bodkin Arrow
34:23 Leather Archer Armor
35:55 Bracer
36:26 Ring Archer Armor
36:59 Chemistry
36:39 Iron Casting
36:04 Scale Mail Armor
37:17 Caravan
ninjahawkfox69
7:25 Feudal Age
5:41 Loom
8:31 Double-Bit Axe
11:21 Scale Barding Armor
13:51 Castle Age
12:32 Stone Mining
12:36 Gold Mining
12:36 Horse Collar
13:43 Stone Mining
14:20 Forging
16:23 Wheelbarrow
15:47 Town Watch
17:43 Bow Saw
18:55 Husbandry
19:09 Bloodlines
19:46 Heavy Plow
23:03 Wheelbarrow
23:16 Chain Barding Armor
23:13 Kamandaran
25:05 Gold Shaft Mining
25:05 Stone Shaft Mining
25:59 Hand Cart
25:47 Crossbowman
30:00 Imperial Age
28:41 Husbandry
28:54 Thumb Ring
29:29 Iron Casting
29:36 Fletching
30:20 Masonry
30:07 Murder Holes
30:33 Ballistics
29:52 Cavalier
32:04 Two-Man Saw
31:52 Crop Rotation
32:00 Bodkin Arrow
32:43 Plate Barding Armor
34:56 Architecture
35:49 Blast Furnace
34:45 Bodkin Arrow
36:18 Hoardings
35:11 Savar
37:12 Town Patrol
38:33 Padded Archer Armor
Hughdini
8:14 Feudal Age
11:00 Castle Age
10:16 Double-Bit Axe
10:15 Horse Collar
11:43 Loom
17:08 Elite Skirmisher
22:56 Fletching
23:07 Padded Archer Armor
23:34 Bodkin Arrow
26:00 Bloodlines
25:51 Husbandry
26:08 Leather Archer Armor
25:59 Scale Barding Armor
26:05 Forging
27:22 Wheelbarrow
27:13 Ballistics
27:04 Masonry
30:39 Imperial Age
28:35 Gold Mining
29:09 Bow Saw
30:18 Chain Barding Armor
30:34 Iron Casting
30:35 Fortified Wall
30:20 Murder Holes
31:20 Tusk Swords
31:53 Conscription
31:58 Bracer
32:29 Ring Archer Armor
32:20 Siege Engineers
32:38 Elite Battle Elephant
35:08 Plate Barding Armor
36:16 Blast Furnace
37:15 Hoardings
Connection lost

Rejoining the realm…

Still unreachable

The connection could not be restored.

Session expired

The server has moved on; the page needs a fresh start.